 Dungeon Crawl Stone Soup version 0.21-a0-442-g848f44b (webtiles) character file.

17686 kae the Carver (level 12, -5/110 HPs)
             Began as a Minotaur Fighter on Nov 12, 2017.
             Was a High Priest of Okawaru.
             Killed from afar by a raiju (14 damage)
             ... with a living lightning
             ... on level 2 of the Abyss.
             The game lasted 00:15:39 (14319 turns).

kae the Carver (Minotaur Fighter)                  Turns: 14319, Time: 00:15:39

Health: -5/110     AC: 15    Str: 27    XL:     12   Next: 21%
Magic:  17/17      EV:  8    Int:  7    God:    Okawaru [*****.]
Gold:   750        SH: 10    Dex: 10    Spells: 11/11 levels left

rFire    + . .     SeeInvis .   N - +3 falchion (freeze)
rCold    + . .     Gourm    .   c - +0 shield
rNeg     . . .     Faith    .   b - +1 scale mail
rPois    .         Spirit   .   (helmet restricted)
rElec    .         Reflect  .   G - scarf {rC+ rF+}
rCorr    .         Harm     .   L - +2 pair of gloves {Str+3}
MR       .....                  S - +0 pair of boots (curse)
Stlth    ..........             (no amulet)
HPRegen  0.28/turn              (no ring)
MPRegen  0.15/turn              (no ring)

@: no status effects
A: retaliatory headbutt, horns 2
a: Heroism, Finesse, Renounce Religion


You were on level 2 of the Abyss.
You worshipped Okawaru.
Okawaru was extremely pleased with you.
You were very hungry.

You visited 2 branches of the dungeon, and saw 14 of its levels.
You visited the Abyss 1 time.
You also visited: Bailey.

You collected 750 gold pieces.

Inventory:

Hand Weapons
 a - a +1 long sword
 N - a +3 falchion of freezing (weapon)
Armour
 b - a +1 scale mail (worn)
 c - a +0 shield (worn)
 G - a scarf of resistance (worn)
 L - a +2 pair of gloves of strength (worn)
 S - a cursed +0 pair of boots (worn)
Jewellery
 p - an uncursed ring of wizardry
 A - an uncursed amulet of harm
 F - an uncursed amulet of rage {unknown}
 P - a +6 amulet of reflection {unknown}
Wands
 w - a wand of enslavement (19/24)
 y - a wand of polymorph (13/24)
 Q - a wand of enslavement (14/24)
 R - a wand of disintegration (14/24)
Scrolls
 l - 4 scrolls of amnesia
 m - 3 scrolls of teleportation
 s - 4 scrolls of remove curse
 u - a scroll of enchant armour
 v - a scroll of fog
 z - 3 scrolls of fear
 D - 3 scrolls of recharging
 J - 6 scrolls of identify
 K - a scroll of magic mapping
Potions
 d - 3 potions of might
 e - a potion of experience {unknown}
 h - 9 potions of curing
 j - a potion of lignification {unknown}
 k - a potion of berserk rage
 n - 3 potions of ambrosia {unknown}
 o - a potion of cancellation {unknown}
 q - a potion of degeneration {unknown}
 t - 4 potions of brilliance
 x - a potion of agility
 B - 5 potions of magic
 H - 6 potions of mutation {unknown}
 I - a potion of heal wounds
Books
 r - a book of Air

   Spells                             Type                      Level
   a - Shock                          Conjuration/Air              1
   b - Swiftness                      Charms/Air                   2
   c - Static Discharge               Conjuration/Air              3
   d - Airstrike                      Air                          4
   e - Lightning Bolt                 Conjuration/Air              5
 C - a book of Cantrips

   Spells                             Type                      Level
   a - Confusing Touch                Hexes                        1
   b - Animate Skeleton               Necromancy                   1
   c - Summon Small Mammal            Summoning                    1
   d - Apportation                    Translocation                1
 M - a book of Frost

   Spells                             Type                      Level
   a - Freeze                         Ice                          1
   b - Throw Frost                    Conjuration/Ice              2
   c - Ozocubu's Armour               Charms/Ice                   3
   d - Throw Icicle                   Conjuration/Ice              4
   e - Summon Ice Beast               Ice/Summoning                4
 O - a book of Callings

   Spells                             Type                      Level
   a - Summon Small Mammal            Summoning                    1
   b - Call Imp                       Summoning                    2
   c - Call Canine Familiar           Summoning                    3
   d - Summon Guardian Golem          Hexes/Summoning              3
   e - Summon Lightning Spire         Summoning/Air                4
   f - Summon Ice Beast               Ice/Summoning                4
Comestibles
 f - 12 bread rations
 g - 7 meat rations
 i - 3 fruits
 E - 6 royal jellies


   Skills:
 + Level 11.4 Fighting
 * Level 14.7 Long Blades
 + Level 11.3 Armour
 + Level 0.0 Dodging
 - Level 3.6 Shields
 + Level 9.0 Invocations


You had 11 spell levels left.
You didn't know any spells.

Dungeon Overview and Level Annotations

Branches:
Dungeon (13/15)            Temple (0/1) D:4            Lair (1/6) D:10
    Orc (0/2) D:10
 Vaults: D:13-14

Altars:
Ashenzari
Dithmenos
Elyvilon
Gozag
Kikubaaqudgha
Okawaru
Ru
Sif Muna
Uskayaw
Vehumet
Xom
Zin
The Shining One
Jiyva

Shops:
D:6 }   D:9 :

Annotations:
D:10 1 transporter
Lair:1 Sonja


Innate Abilities, Weirdness & Mutations

You reflexively headbutt those who attack you in melee.
You have a pair of horns on your head.


Message History

Okay, then.
You feel much better.
You feel yourself speed up. The raiju bites you.
* * * LOW HITPOINT WARNING * * *
The raiju shocks you!
* * * LOW HITPOINT WARNING * * *
You block the raiju's attack.
A raiju comes into view.
You feel much better.
The raiju barks!
The raiju bursts into living lightning!
The living lightning hits you!
* * * LOW HITPOINT WARNING * * *
The raiju blinks!
You block the raiju's attack.
The raiju bursts into living lightning!
The living lightning misses you.
The living lightning hits the raiju.
The raiju completely resists.
The living lightning hits the raiju.
The raiju completely resists.
The living lightning hits you!
You die...

. ### #
..##.##########
....#..h..... .
..#...#..#
........# ####.
.##.###$#......
#h@..h....
#..###.#.. #.§#
#... #....
..#... ... ...
#.# ##.#§ ##
##.#


You could see 3 raiju.

Vanquished Creatures
  Kirke (D:12)
  5 two-headed ogres
  An unseen horror (D:8)
  A cyclops (D:11)
  A manticore (D:11)
  A gargoyle (D:10)
  A centaur skeleton (D:11)
  2 trolls (D:11)
  2 slime creatures (D:12)
  2 hippogriffs (D:12)
  Sigmund (D:2)
  A spriggan (D:7)
  2 wyverns
  Eustachio (D:6)
  14 yaks
  2 hogs (D:12)
  A hungry ghost (D:11)
  Menkaure (D:7)
  A water moccasin (D:9)
  A black bear (D:7)
  2 ice beasts
  7 orc warriors
  2 sky beasts
  A phantom (D:6)
  A necrophage (D:8)
  5 ogres
  9 centaurs
  2 crocodiles
  4 bullfrogs
  A scorpion (D:9)
  A water moccasin skeleton (D:5)
  22 killer bees
  15 wights
  A howler monkey (D:5)
  5 crimson imps
  3 centaur zombies
  A gnoll shaman (D:10)
  A bullfrog zombie (D:6)
  4 jellies
  7 orc priests
  8 hounds
  A bullfrog skeleton (D:5)
  3 iguanas
  7 orc wizards
  9 worker ants
  2 hound skeletons
  A howler monkey zombie (D:6)
  16 gnolls
  16 adders
  A shadow imp (D:7)
  An ooze (D:1)
  5 worms
  2 leopard geckos
  43 orcs
  9 bats
  8 giant cockroaches
  10 goblins
  16 hobgoblins
  5 jackals
  5 quokkas
  7 frilled lizards
  A jackal zombie (D:6)
  13 kobolds
  A leopard gecko zombie (D:6)
  A quokka skeleton (D:7)
  6 rats
333 creatures vanquished.

Vanquished Creatures (others)
  A human (D:12)
  A leopard gecko (D:6)
  A quokka (D:8)
3 creatures vanquished.

Grand Total: 336 creatures vanquished

Notes
Turn   | Place    | Note
-------+----------+-------------------------------------------
     0 | D:1      | kae the Minotaur Fighter began the quest for the Orb.
     0 | D:1      | Reached XP level 1. HP: 19/19 MP: 0/0
   132 | D:1      | Reached skill level 3 in Long Blades
   132 | D:1      | Reached XP level 2. HP: 23/27 MP: 1/1
   598 | D:2      | Found an iron altar of Okawaru.
   612 | D:2      | Became a worshipper of Warmaster Okawaru
   617 | D:2      | Reached XP level 3. HP: 27/33 MP: 2/2
   774 | D:2      | Found a shimmering altar of Xom.
   967 | D:2      | Found an ancient bone altar of Kikubaaqudgha.
  1013 | D:2      | Noticed Sigmund
  1034 | D:1      | Reached skill level 4 in Long Blades
  1034 | D:1      | Reached XP level 4. HP: 40/40 MP: 3/3
  1258 | D:2      | Killed Sigmund
  1258 | D:2      | Reached skill level 5 in Long Blades
  1258 | D:2      | Reached skill level 1 in Invocations
  1258 | D:2      | Reached XP level 5. HP: 47/47 MP: 3/5
  1349 | D:3      | Reached skill level 5 in Armour
  1349 | D:3      | Reached XP level 6. HP: 22/55 MP: 6/6
  1505 | D:3      | Reached skill level 5 in Fighting
  2178 | D:4      | Found a shattered altar of Ashenzari.
  2507 | D:4      | Found a staircase to the Ecumenical Temple.
  2619 | D:5      | Entered Level 5 of the Dungeon
  2694 | D:5      | Reached * piety under Okawaru
  2710 | D:5      | Reached skill level 6 in Long Blades
  2996 | D:5      | Reached XP level 7. HP: 61/61 MP: 6/8
  3363 | D:5      | Reached skill level 7 in Long Blades
  3579 | D:6      | Reached ** piety under Okawaru
  3608 | D:6      | Found a shadowy altar of Dithmenos.
  3684 | D:6      | Noticed Eustachio
  3695 | D:6      | Killed Eustachio
  3695 | D:6      | Reached XP level 8. HP: 69/71 MP: 7/9
  3766 | D:6      | Found Lytow's Gadget Boutique.
  3856 | D:6      | Found a glowing silver altar of Zin.
  3865 | D:6      | Reached skill level 8 in Long Blades
  3868 | D:6      | Found a radiant altar of Vehumet.
  4846 | D:6      | Reached *** piety under Okawaru
  4936 | D:6      | Reached skill level 9 in Long Blades
  5159 | D:7      | Found an opulent altar of Gozag.
  5175 | D:6      | Reached XP level 9. HP: 31/79 MP: 9/11
  5634 | D:7      | Reached skill level 5 in Invocations
  6138 | D:7      | Noticed Menkaure
  6142 | D:7      | Killed Menkaure
  6142 | D:7      | Reached skill level 10 in Long Blades
  6182 | D:7      | Found a glowing golden altar of the Shining One.
  6473 | D:8      | Found a flagged portal.
  6476 | D:8      | Found a white marble altar of Elyvilon.
  6508 | D:8      | Killed an unseen horror
  6508 | D:8      | Reached **** piety under Okawaru
  6558 | D:8      | Found a sacrificial altar of Ru.
  6604 | D:8      | Noticed a two-headed ogre
  6611 | D:8      | Killed a two-headed ogre
  6611 | D:8      | Reached skill level 11 in Long Blades
  6611 | D:8      | Reached XP level 10. HP: 62/90 MP: 10/13
  6660 | Bailey   | Entered a bailey
  8111 | D:8      | Found a deep blue altar of Sif Muna.
  8456 | D:8      | Found a hide-covered altar of Uskayaw.
  8908 | D:9      | Reached skill level 12 in Long Blades
  9644 | D:9      | Found Adiduv's Book Shoppe.
  9719 | D:10     | Entered Level 10 of the Dungeon
  9732 | D:10     | Noticed a two-headed ogre
  9737 | D:10     | Noticed a two-headed ogre
  9810 | D:10     | Killed a two-headed ogre
  9810 | D:10     | Reached ***** piety under Okawaru
 10098 | D:10     | Noticed a gargoyle
 10103 | D:10     | Killed a gargoyle
 10131 | D:10     | Reached XP level 11. HP: 72/99 MP: 15/15
 10153 | D:10     | Reached skill level 10 in Fighting
 10575 | D:10     | Reached skill level 10 in Armour
 10639 | D:10     | Killed a two-headed ogre
 10639 | D:10     | Received a gift from Okawaru
 10639 | D:10     | Reached skill level 13 in Long Blades
 10747 | D:10     | Found a staircase to the Orcish Mines.
 10769 | D:10     | Found a staircase to the Lair.
 10824 | D:10     | Found a transporter.
 10828 | D:10     | Found a viscous altar of Jiyva.
 11231 | D:10     | Found a shadowy altar of Dithmenos.
 11450 | D:10     | You fall through a shaft for 3 floors!
 11859 | D:12     | Noticed Kirke
 11874 | D:12     | Killed Kirke
 11874 | D:12     | Received a gift from Okawaru
 12068 | D:11     | Noticed a two-headed ogre
 12078 | D:11     | Killed a two-headed ogre
 12422 | D:11     | Reached skill level 14 in Long Blades
 12528 | D:11     | Noticed a two-headed ogre
 12537 | D:11     | Killed a two-headed ogre
 12957 | D:11     | Reached XP level 12. HP: 46/110 MP: 14/17
 13978 | D:12     | Noticed an eight-headed hydra
 14066 | Lair:1   | Entered Level 1 of the Lair of Beasts
 14280 | Lair:1   | Noticed Sonja
 14292 | Lair:1   | Cast into level 2 of the Abyss (Sonja)
 14316 | Abyss:2  | HP: 1/110 [raiju/living lightning (8)]
 14319 | Abyss:2  | Killed from afar by a raiju

Vault maps used:
D:1:      co_arrival_square_in_a_square_in_a_square, minmay_octomino_e4
D:2:      lemuel_crystal_altar, lemuel_doored_altar, okawaru_metal_pillars_3,
          uniq_sigmund
D:4:      nicolae_ashenzari_panopticon, minmay_temple_entry_statues_pillars,
          first_bread
D:6:      lemuel_crystal_altar, lemuel_coloured_pillars_altar,
          fiery_altar_vehumet, serial_shops, shop, uniq_eustachio
D:7:      nicolae_gozag_seed_capital, kennysheep_mini, the_bakery, uniq_menkaure
D:8:      elyvilon_altar_4, old_standard_altar, kennysheep_little_box,
          enter_bailey_2, nicolae_ru_sacrificial_ziggurat
D:9:      serial_shops, shop
D:10:     gammafunk_jiyva_shrine, lair_entry_dummy, orc_0_dummy, basic_altar,
          st_stairs_11
D:12:     minmay_connected_boxes_in_corner, portal_ice_cave_entry_pillars_2,
          uniq_kirke
D:13:     grunt_vaults_entry_fortified, special_room,
          hangedman_decor_peaks_small, minmay_curled_crystal,
          evilmike_surprise_oklob, uniq_snorg
Lair:1:   uniq_sonja
Bailey:   bailey_axe_2, bailey

Skill      XL: |  1  2  3  4  5  6  7  8  9 10 11 12 |
---------------+-------------------------------------+-----
Long Blades    | 3 4 5 6 7 9 11 12 14 | 14.7
Fighting       | 4 5 6 7 8 9 11 | 11.4
Armour         | 4 5 6 7 8 9 11 | 11.3
Invocations    | 1 2 3 4 6 7 8 9 |  9.0
Shields        | |  3.6

Action                   |  1- 3 |  4- 6 |  7- 9 | 10-12 || total
-------------------------+-------+-------+-------+-------++-------
Melee: Long sword        |   101 |    94 |   338 |   153 ||   686
       Headbutt          |    13 |    25 |    61 |   133 ||   232
       Falchion          |       |       |       |   442 ||   442
Invok: Heroism           |       |     2 |    15 |    24 ||    41
Evoke: Wand              |       |       |     1 |     1 ||     2
  Use: Scroll            |     3 |     5 |     8 |     5 ||    21
       Potion            |       |     1 |     2 |     4 ||     7
  Eat: Chunk             |     1 |     5 |    12 |    21 ||    39
       Meat ration       |       |       |       |     1 ||     1
Armor: Scale mail        |    78 |    22 |   135 |   158 ||   393
Dodge: Dodged            |    34 |    18 |   105 |   164 ||   321
Block: Shield            |    78 |    39 |   204 |   257 ||   578
       Rpst.: Long sword |    10 |     3 |    31 |     9 ||    53
       Falchion          |       |       |       |    24 ||    24

Table legend:
 A = Spawn XP
 B = Non-spawn XP
 C = Spawn XP percentage of total XP
 D = Spawn monster count
 E = Non-spawn monster count
 F = Spawn count percentage of total count
 G = Total turns spent on level
                    A         B        C        D         E        F      G
               +---------+---------+-------+---------+---------+-------+---------
         Total |       0 |   25266 |   0.0 |       0 |     333 |   0.0 | 14319
               +---------+---------+-------+---------+---------+-------+---------
           D:1 |       0 |      43 |   0.0 |       0 |      18 |   0.0 |   596
           D:2 |       0 |     283 |   0.0 |       0 |      23 |   0.0 |   677
           D:3 |       0 |     103 |   0.0 |       0 |      16 |   0.0 |   823
           D:4 |       0 |      37 |   0.0 |       0 |       8 |   0.0 |   523
           D:5 |       0 |     752 |   0.0 |       0 |      25 |   0.0 |   909
           D:6 |       0 |    1738 |   0.0 |       0 |      37 |   0.0 |  2041
           D:7 |       0 |    1148 |   0.0 |       0 |      26 |   0.0 |   876
           D:8 |       0 |    2663 |   0.0 |       0 |      24 |   0.0 |   913
           D:9 |       0 |    1856 |   0.0 |       0 |      34 |   0.0 |  1093
          D:10 |       0 |    5012 |   0.0 |       0 |      28 |   0.0 |  1848
          D:11 |       0 |    6372 |   0.0 |       0 |      38 |   0.0 |  1703
          D:12 |       0 |    3989 |   0.0 |       0 |      17 |   0.0 |   792
        Lair:1 |       0 |     909 |   0.0 |       0 |       5 |   0.0 |   226
        Bailey |       0 |     361 |   0.0 |       0 |      34 |   0.0 |  1268
               +---------+---------+-------+---------+---------+-------+---------
